 Dungeon Crawl Stone Soup version 0.31-a0-202-g547052bce9 (webtiles) character file.

Game seed: 1451714900581812140

60 qw the Shooter (level 3, -2/20 HPs)
             Began as a Deep Elf Hunter on June 26, 2023.
             Slain by a worm (5 damage)
             ... on level 2 of the Dungeon.
             The game lasted 00:00:28 (1228 turns).

qw the Shooter (Deep Elf Hunter)                    Turns: 1228, Time: 00:00:29

Health: -2/20      AC:  5    Str: 10    XL:     3   Next: 82%
Magic:  5/5        EV: 11    Int: 13    God:
Gold:   78         SH:  0    Dex: 18    Spells: 2/2 levels left

rFire   . . .        Y - +0 shortbow
rCold   . . .        (shield currently unavailable)
rNeg    . . .        e - +0 ring mail
rPois   .            (no helmet)
rElec   .            (no cloak)
rCorr   .            (no gloves)
SInv    .            (no boots)
Will    +....        (no amulet)
Stlth   +            g - ring of willpower
HPRegen 0.23/turn    (no ring)
MPRegen 0.09/turn

%: no passive effects
@: no status effects
A: no striking features
a: no special abilities


You were on level 2 of the Dungeon.
You visited 1 branch of the dungeon, and saw 2 of its levels.

You collected 78 gold pieces.


   Skills:
 - Level 1.5 Fighting
 + Level 7.3 Ranged Weapons
 - Level 2.4 Dodging
 - Level 1.2 Stealth


You had 2 spell levels left.
You didn't know any spells.
Your spell library was empty.

Inventory:

Hand Weapons
 Y - a +0 shortbow (weapon)
Armour
 e - a +0 ring mail (worn)
Jewellery
 g - a ring of willpower (left hand)
Scrolls
 a - a scroll of vulnerability {unknown}
 c - a scroll of fog {unknown}
Potions
 b - a potion of invisibility {unknown}
 h - a potion of degeneration {unknown}
 i - a potion of berserk rage {unknown}
 j - 2 potions of might {unknown}

Dungeon Overview and Level Annotations

Branches:
Dungeon (2/15)

Altars:


Message History

The adder misses you.
A hobgoblin comes into view.
An orc comes into view. It is wielding a +0 whip.
The orc barely misses you. The adder bites you but does no damage.
You shoot an arrow. The arrow closely misses the adder.
You feel sick.
A ball python comes into view.
The orc barely misses you. The adder closely misses you.
The orc barely misses you.
You shoot an arrow. The arrow hits the adder.
You kill the adder!
You feel sick.
You are no longer poisoned.
The orc hits you with a +0 hand axe.
You shoot an arrow. The arrow hits the orc!
You kill the orc!
A kobold comes into view. It is wielding a +0 short sword.
The orc hits you but does no damage.
You shoot an arrow. The arrow closely misses the orc.
The arrow closely misses the ball python.
The orc barely misses you. The worm completely misses you.
You shoot an arrow. The arrow hits the orc.
The orc is heavily wounded.
The orc closely misses you.
You shoot an arrow. The arrow hits the orc.
The orc is severely wounded.
The orc barely misses you. The worm closely misses you.
You shoot an arrow. The arrow closely misses the orc.
The arrow hits the ball python.
The ball python is moderately wounded.
The orc hits you with a +0 whip. The worm bites you!
You shoot an arrow. The arrow hits the orc!
You kill the orc!
The ball python bites you. The ball python barely misses you.
You shoot an arrow.
The arrow barely misses the ball python.
The arrow hits the hobgoblin.
The hobgoblin is heavily wounded.
The worm bites you.
You die...

....###.# ######................
....# #.####...........(.........
....###...#..####...[..#.#..#...#
....##........###.....##%##.###.#
######.........#..#.#.[###....#..
#<..........##.##.. #..#.##.
#........##..## #........##...#
#.........#@.## ..........wS##
##........#.gK #....<...###.)
######### #.. ###


You could see a worm, a hobgoblin, a ball python and a kobold.

Vanquished Creatures
  An adder (D:2)
  A worm (D:2)
  A dart slug (D:1)
  3 orcs (D:2)
  4 bats
  3 endoplasms
  2 giant cockroaches
  7 goblins (D:1)
  3 hobgoblins (D:1)
  4 jackals (D:1)
  2 kobolds (D:1)
  A quokka (D:2)
  A ball python (D:1)
  A frilled lizard (D:2)
  5 rats
39 creatures vanquished.

Notes
Turn   | Place    | Note
-------+----------+-------------------------------------------
     0 | D:1      | qw the Deep Elf Hunter began the quest for the Orb.
     0 | D:1      | Reached XP level 1. HP: 12/12 MP: 3/3
     0 | D:1      | 0 ||| qw: Version: 0.3-a-22-g0ed2b0b
     0 | D:1      | 0 ||| qw: Game counter: 5863
     0 | D:1      | 0 ||| qw: Melee chars always use a shield: true
     0 | D:1      | 0 ||| qw: God list: Okawaru
     0 | D:1      | 0 ||| qw: Allow faded altars: false
     0 | D:1      | 0 ||| qw: Do Orc after clearing Dungeon:15 true
     0 | D:1      | 0 ||| qw: Do second Lair branch before Depths: true
     0 | D:1      | 0 ||| qw: Lair rune preference: random
     0 | D:1      | 0 ||| qw: Goals: Normal
     0 | D:1      | 0 ||| PLANNING D:1-11
   193 | D:1      | Reached XP level 2. HP: 15/16 MP: 4/4
   214 | D:1      | Reached skill level 6 in Ranged Weapons
   466 | D:1      | Reached XP level 3. HP: 20/20 MP: 5/5
   552 | D:1      | Found a faded altar of an unknown god.
   898 | D:1      | 898 ||| UPGRADING to +0 ring mail.
   908 | D:1      | 908 ||| DROPPING +0 leather armour.
   909 | D:1      | 909 ||| UPGRADING to ring of willpower.
   910 | D:1      | 910 ||| READING scroll labelled CUACKE DINUEBO.
   911 | D:1      | 911 ||| READING scroll labelled TAERIG YKECW.
   916 | D:1      | 916 ||| DROPPING scroll of butterflies.
  1055 | D:2      | Reached skill level 7 in Ranged Weapons
  1226 | D:2      | HP: 3/20 [worm (7)]
  1228 | D:2      | Slain by a worm

Levels and vault maps discovered:
D:1:      giann_forest_graveyard, layout_loops_ring, serial_forest,
          infiniplex_forest_end_2, infiniplex_forest_clump_double,
          infiniplex_forest_fountain, infiniplex_forest_clump_cross,
          infiniplex_forest_end_2, infiniplex_forest_straight_2,
          infiniplex_forest_lined_ring, shapermc_ecumenical_altar_totnotflames,
          minivault_4
D:2:      minmay_diamond_boxcup, layout_rooms, minmay_between, uniq_natasha,
          uniq_crazy_yiuf_cottage

Skill      XL: |  1  2  3 |
---------------+----------+-----
Ranged Weapons | 6 7 |  7.3
Fighting       | |  1.5
Dodging        | |  2.4
Stealth        | |  1.2

Action                     || total
---------------------------++-------
   Fire: Shortbow          ||   116
    Use: Scroll            ||     2
 Armour: Leather armour    ||     7
         Ring mail         ||    10
  Dodge: Dodged            ||    35

Table legend:
 A = Non-vault XP
 B = Vault XP
 C = Vault XP percentage of total XP
 D = Non-vault monster count
 E = Vault monster count
 F = Vault count percentage of total count
                 A         B        C        D         E       F
            +---------+---------+-------+---------+---------+-------
      Total |      64 |      23 |  26.4 |      35 |       4 |  10.3
            +---------+---------+-------+---------+---------+-------
        D:1 |      49 |       0 |   0.0 |      28 |       0 |   0.0
        D:2 |      15 |      23 |  60.5 |       7 |       4 |  36.4
            +---------+---------+-------+---------+---------+-------
